AoeStats
← metathesis19

MegaRandom

509518794Analyzed
2v2 RM · 6d ago on Sep 27, 2026· 38m 35s· 4 players
Game mode
Random Map
Map size
Medium (4 player)
Population
200
Speed
Normal
Resources
Standard
Victory
Conquest
Starting age
Dark Age
Ending age
Imperial Age
RankedLock teamsTeams togetherTeam positionsShared explorationLock speedFull tech treeHidden civsTurbo modeCheats
Victory
Defeat
🇳🇿 Bohemians · New Zealand
1128
+15
🇬🇧 Britons · United Kingdom
1060
+18
🇺🇸 Varangians · United States
1113
-17
🇺🇸 Maya · United States
1085
-16
Lagolas
8:54 Loom
12:20 Feudal Age
13:09 Double-Bit Axe
14:45 Horse Collar
20:19 Castle Age
20:37 Fletching
20:27 Crossbowman
21:26 Bodkin Arrow
26:28 Padded Archer Armor
27:07 Gold Mining
32:10 Elite Skirmisher
34:33 Ballistics
40:55 Imperial Age
Ty
11:59 Feudal Age
15:59 Forging
19:53 Fletching
23:03 Castle Age
26:50 Loom
33:18 Double-Bit Axe
37:32 Pikeman
metathesis19
4:12 Loom
11:35 Feudal Age
12:31 Double-Bit Axe
19:14 Castle Age
18:07 Gold Mining
19:26 Fletching
19:43 Crossbowman
20:25 Bodkin Arrow
35:26 Elite Skirmisher
KarlPS
4:11 Loom
12:16 Feudal Age
17:56 Castle Age
18:05 Double-Bit Axe
20:09 Wheelbarrow
20:04 Gold Mining
22:13 Horse Collar
23:57 Stone Mining
26:47 Town Watch
27:24 Bloodlines
27:15 Husbandry
32:06 Bow Saw
34:20 Pikeman
35:24 Scale Barding Armor
Connection lost

Rejoining the realm…

Still unreachable

The connection could not be restored.

Session expired

The server has moved on; the page needs a fresh start.